 Dungeon Crawl Stone Soup version 0.29-a0-352-g0917bc69df (webtiles) character file.

Game seed: 6966798014228685200

1689 kevlar127 the Ruffian (level 8, 0/79 (83) HPs)
             Began as a Troll Berserker on Apr 24, 2022.
             Was a Priest of Trog.
             Slain by a wight
             ... wielding a +4 halberd
              (2 damage)
             ... on level 6 of the Dungeon.
             The game lasted 00:18:57 (4260 turns).

kevlar127 the Ruffian (Troll Berserker)             Turns: 4260, Time: 00:18:57

HP:   0/79 (83)     AC:  4    Str: 28    XL:     8   Next: 72%
MP:   7/7           EV: 10    Int:  3    God:    Trog [***...]
Gold: 256           SH:  0    Dex:  9    Spells: 7/7 levels left

rFire   . . .      SeeInvis .     - Unarmed
rCold   . . .      Faith    .   (no shield)
rNeg    . . .      Spirit   .   a - +0 animal skin
rPois   .          Reflect  .   (helmet restricted)
rElec   .          Harm     .   (no cloak)
rCorr   .          Rampage  .   (gloves unavailable)
Will    ++...                   (boots unavailable)
Stlth   +.........              (no amulet)
HPRegen 2.03/turn               (no ring)
MPRegen 0.10/turn               (no ring)

@: lethally poisoned (0 -> 0), strong-willed, regenerating, lightly drained
A: large, unfitting armour, claws 3, regeneration 1, shaggy fur 1, tough skin 1
a: Renounce Religion, Berserk, Trog's Hand


You were on level 6 of the Dungeon.
You worshipped Trog.
Trog was most pleased with you.
You visited 1 branch of the dungeon, and saw 6 of its levels.
You also visited: Sewer.

You collected 256 gold pieces.

Inventory:

Hand Weapons
 k - a +0 short sword
Missiles
 f - 171 stones (quivered)
 j - 7 poisoned darts
 C - 6 javelins
 D - 2 boomerangs
Armour
 a - a +0 animal skin (worn)
Jewellery
 B - a ring of see invisible
 E - an amulet of regeneration
Wands
 r - a wand of paralysis (21)
Scrolls
 b - a scroll of enchant armour {unknown}
 d - 2 scrolls of summoning {unknown}
 g - 5 scrolls of teleportation
 l - a scroll of torment {unknown}
 m - a scroll of magic mapping {unknown}
 o - 2 scrolls of silence
 p - 3 scrolls of fear {unknown}
 t - 2 scrolls of acquirement {unknown}
 u - 2 scrolls of noise
 w - a scroll of amnesia {unknown}
 y - a scroll of brand weapon {unknown}
 A - a scroll of identify
Potions
 c - 2 potions of lignification
 e - 4 potions of curing
 h - 2 potions of might
 i - a potion of heal wounds {unknown}
 n - a potion of attraction {unknown}
 q - a potion of flight {unknown}
 s - 2 potions of cancellation
 v - a potion of haste {unknown}
 x - a potion of mutation {unknown}
 z - a potion of brilliance {unknown}


   Skills:
 + Level 5.7 Fighting
 + Level 4.2 Throwing
 - Level 4.0 Dodging
 + Level 6.8 Unarmed Combat
 + Level 2.1 Evocations


You had 7 spell levels left.
You didn't know any spells.
Your spell library was empty.

Dungeon Overview and Level Annotations

Branches:
Dungeon (6/15)              Sewer (visited)
 Temple: D:4-7

Altars:
Fedhas


Innate Abilities, Weirdness & Mutations

You are too large for most types of armour.
You have claws for hands.
Your natural rate of healing is unusually fast.
You are covered in fur. (AC +1)
You have tough skin. (AC +1)


Message History

The wight attacks as you move away!
The wight hits you with a +0 dire flail.
You feel drained.
You scratch the wight.
The wight is moderately damaged.
The wight closely misses you.
A wight comes into view. It is wielding a +3 flail of freezing.
You claw the wight!
The wight is severely damaged.
The adder bites you but does no damage.
You scratch the wight.
The wight is almost destroyed.
The adder bites you.
You are poisoned.
The adder poisons you!
The wight hits you with a +0 dire flail.
The adder closely misses you.
You claw the wight!
You destroy the wight!
Trog accepts your kill.
You feel sick.
The wight hits you from afar with a +4 halberd!
* * * LOW HITPOINT WARNING * * *
You feel drained.
* * * LOW HITPOINT WARNING * * *
The wight hits you with a +0 scimitar.
* * * LOW HITPOINT WARNING * * *
The adder barely misses you.
Your Evocations skill increases to level 2!
You mangle the wight!!
You destroy the wight!
Trog accepts your kill.
You feel sick. The wight barely misses you. The adder bites you.
* * * LOW HITPOINT WARNING * * *
You feel sick. The adder bites you but does no damage.
The wight throws a stone.
The stone hits you but does no damage.
The wight hits you from afar with a +4 halberd.
* * * LOW HITPOINT WARNING * * *
You feel drained.
You die...

##.# #...##
#.#......#
...########.###
#.#......#
...#........#
#........#
...†.########
#..#######
#...## #.##
#....# #####.#
..#..# #.)oo.#
###..#
###.###.##
#....
#..@Sz.).#
.....
#......)..#
......
#..........#
.....z......#
.##..........#
# #..........#
#..........#
)#........##


You could see 2 wights and an adder.

Vanquished Creatures
  Grinder (D:3)
  2 black bears (D:5)
  An orc warrior (D:6)
  2 sky beasts (D:6)
  3 scorpions
  3 wights (D:6)
  5 orc priests
  6 hounds
  Ijyb (D:3)
  Jessica (D:3)
  An iguana (D:5)
  An orc wizard (D:6)
  A hell rat (Sewer)
  5 adders
  3 gnolls (D:4)
  3 river rats (Sewer)
  A shadow imp (D:6)
  An ufetubus (D:6)
  2 worms (D:3)
  A dart slug (D:2)
  10 orcs
  4 ball pythons
  5 bats
  6 endoplasms
  2 giant cockroaches
  14 goblins
  13 hobgoblins
  10 quokkas
  4 frilled lizards
  11 kobolds
  15 rats
138 creatures vanquished.

Notes
Turn   | Place    | Note
-------+----------+-------------------------------------------
     0 | D:1      | kevlar127 the Troll Berserker began the quest for the Orb.
     0 | D:1      | Reached XP level 1. HP: 22/22 MP: 0/0
   123 | D:1      | Reached XP level 2. HP: 27/29 MP: 1/1
   244 | D:1      | Found a faded altar of an unknown god.
   781 | D:2      | Reached XP level 3. HP: 29/36 MP: 2/2
   833 | D:2      | Reached ** piety under Trog
   882 | D:2      | HP: 1/37 [poisoned by an adder]
  1487 | D:3      | Noticed Grinder
  1497 | D:3      | Killed Grinder
  1498 | D:3      | Reached skill level 4 in Unarmed Combat
  1498 | D:3      | Reached XP level 4. HP: 31/48 MP: 3/3
  1498 | D:3      | Reached XP level 5. HP: 35/54 MP: 4/4
  1498 | D:3      | Reached XP level 6. HP: 41/62 MP: 5/5
  1530 | D:3      | You fall into a shaft and drop 1 floor!
  1578 | D:3      | Found a blossoming altar of Fedhas.
  1827 | D:3      | Noticed Jessica
  1831 | D:3      | Killed Jessica
  2102 | D:3      | Noticed Ijyb
  2102 | D:3      | Paralysed by Ijyb for 2 turns
  2119 | D:3      | Killed Ijyb
  2374 | D:4      | Reached skill level 5 in Unarmed Combat
  2819 | D:5      | Entered Level 5 of the Dungeon
  2838 | D:5      | Reached skill level 1 in Throwing
  2844 | D:5      | Reached XP level 7. HP: 56/71 MP: 6/6
  2972 | D:5      | Found a glowing drain.
  3008 | Sewer    | Entered a sewer
  3041 | Sewer    | Reached *** piety under Trog
  3439 | D:5      | Reached skill level 6 in Unarmed Combat
  3460 | D:5      | Reached skill level 5 in Fighting
  3812 | D:6      | Reached XP level 8. HP: 72/80 MP: 7/7
  3887 | D:6      | HP: 3/80 [orc warrior/+0 halberd (12)]
  3900 | D:6      | Reached skill level 1 in Evocations
  4260 | D:6      | HP: 2/80 [wight/+4 halberd (6)]
  4260 | D:6      | Slain by a wight

Illustrated notes

Levels and vault maps discovered:
D:1:      saegor_arrival_under_anarchy, layout_basic,
          hellmonk_ecumenical_altar_crossroads
D:2:      layout_basic, kennysheep_nub, minmay_misc_feat_tower,
          minmay_pentomino_x4
D:3:      layout_loops_ring, mainiacjoe_overflow_tiny_flanked, uniq_jessica,
          uniq_grinder, uniq_ijyb
D:4:      layout_cave_pools, minmay_goblin_outpost
D:5:      layout_basic, gup_sewer_entry_pipe, minivault_14
D:6:      layout_rooms

Skill      XL: |  1  2  3  4  5  6  7  8 |
---------------+-------------------------+-----
Fighting       | 3 4 5 |  5.7
Dodging        | 3 4 |  4.0
Unarmed Combat | 4 5 6 |  6.8
Throwing       | 1 3 4 |  4.2
Evocations     | 2 |  2.1

Action                   |  1- 3 |  4- 6 |  7- 9 || total
-------------------------+-------+-------+-------++-------
Melee: Unarmed           |   117 |   115 |   141 ||   373
       Punch             |     1 |     5 |     3 ||     9
Throw: Stone             |       |     6 |     2 ||     8
       Dart              |       |     3 |       ||     3
       Javelin           |       |       |     6 ||     6
Invok: Trog's Hand       |     1 |     2 |     2 ||     5
  Use: Potion            |     3 |       |       ||     3
       Scroll            |       |       |     5 ||     5
Armor: Animal skin       |    37 |    43 |    31 ||   111
Dodge: Dodged            |    36 |    73 |    73 ||   182

Table legend: (Time is in decaauts)
 A = Elapsed time spent in this place.
 B = Non-inter-level travel time spent in this place.
 C = Inter-level travel time spent in this place.
 D = Time resting spent in this place.
 E = Time spent auto-exploring this place.
 F = Levels seen in this place.
 G = Mean time per level.
                   A        B        C        D        E       F      G
               +--------+--------+--------+--------+--------+-----+--------+
         Total |   4251 |   3746 |    505 |    212 |   2610 |   7 |  607.3 |
       Dungeon |   4149 |   3644 |    505 |    212 |   2566 |   6 |  691.5 |
         Sewer |    102 |    102 |      0 |      0 |     44 |   1 |  102.0 |
               +--------+--------+--------+--------+--------+-----+--------+

Top non-repeatable levels by time:
     D:5: 890 daAuts
     D:1: 831 daAuts
     D:3: 738 daAuts
     D:2: 681 daAuts
     D:4: 556 daAuts
     D:6: 452 daAuts
   Sewer: 102 daAuts
